cohdb
Replays
Latest Replays
All Replays
Popular Replays
Top Player Replays
Match Explorer
How It Works
Community
CoH3 Stats
Reddit
Sign in to upload your games and track your stats! →
Sign in with Steam
Match 42233891
Unlisted
Match 42233891
Overview
Messages
Build Orders
End
Construct Section Command Post
Selects Australian Defense Battlegroup
Selects Australian Light Infantry Section
Dingo Light Scout Car
Australian Light Infantry Section
Australian Light Infantry Section
Australian Light Infantry Section
Construct Platoon Command Post
Humber Armored Car
Infantry Training
Construct Field Infirmary
Construct Field Infirmary
Construct Company Command Post
Selects CMP 15cwt Supply Run
Selects Reinforced Resource Caches
CMP 15cwt Supply Run
Foot Guards Section
Crusader II Medium Tank
Crusader II Medium Tank
Nefris
zy06958
Lacrimosa
ScareCrow
rich-erd
Mustache and Melons
0
0
Comments
sign in to comment!
No comments posted yet!